 Dungeon Crawl Stone Soup version 0.18-a0-1797-gc18daef (webtiles) character file.

58 M4edhros the Grave Robber (level 4, -6/27 HPs)
             Began as an Octopode Necromancer on Apr 22, 2016.
             Mangled by Grinder (10 damage)
             ... on level 3 of the Dungeon.
             The game lasted 00:03:51 (662 turns).

M4edhros the Grave Robber (Octopode Necromancer)     Turns: 662, Time: 00:03:52

Health: -6/27      AC:  1    Str:  7    XL:     4   Next: 1%
Magic:  7/7        EV: 12    Int: 17    God:
Gold:   96         SH:  0    Dex: 13    Spells: 3 memorised, 2 levels left

rFire  . . .     SeeInvis .       - Unarmed
rCold  . . .     Gourm    .     (no shield)
rNeg   . . .     Faith    .     (helmet restricted)
rPois  .         Spirit   .     (no amulet)
rElec  .         Dismiss  .     c - ring of teleportation (curse)
rCorr  .         Reflect  .     (no ring)
SustAt .         Harm     .     (no ring)
MR     .....     Rnd*Tele +     (no ring)
Stlth  +++.......               (no ring)
                                (no ring)
                                (no ring)
                                (no ring)

@: not resistant to hostile enchantments, fairly stealthy
A: almost no armour, amphibious, 8 rings, constrict 8, camouflage 1, gelatinous
body 1
a: no special abilities


You were on level 3 of the Dungeon.
You were not hungry.

You visited 1 branch of the dungeon, and saw 5 of its levels.

You collected 96 gold pieces.

Inventory:

Hand Weapons
 d - a +0 hunting sling
 p - a +0 trident
Missiles
 e - 3 javelins (quivered)
 g - 16 sling bullets
Jewellery
 c - a cursed ring of teleportation (left tentacle)
Scrolls
 f - a scroll of enchant weapon {unknown}
 i - 2 scrolls of identify {unknown}
 n - 3 scrolls of magic mapping {unknown}
Books
 a - a book of Necromancy

   Spells                             Type                      Level
   a - Pain                           Necromancy                   1
   b - Animate Skeleton               Necromancy                   1
   c - Vampiric Draining              Necromancy                   3
   d - Regeneration                   Charms/Necromancy            3
   e - Animate Dead                   Necromancy                   4
   f - Control Undead                 Necromancy                   4
Comestibles
 b - 2 bread rations
 l - 2 slices of pizza
 m - 3 chunks of flesh
 o - a meat ration


   Skills:
 - Level 2.0 Dodging
 - Level 2.6 Stealth
 + Level 3.4 Unarmed Combat
 - Level 2.0 Spellcasting
 - Level 4.0 Necromancy


You had 2 spell levels left.
You knew the following spells:

 Your Spells              Type           Power        Failure   Level  Hunger
a - Pain                  Necr           ###.         3%          1    #......
b - Regeneration          Chrm/Necr      #.........   24%         3    ###....
c - Animate Skeleton      Necr           N/A          3%          1    #......


Dungeon Overview and Level Annotations

Branches:
Dungeon (5/15)
 Temple: D:4-7

Altars:
Ashenzari
Elyvilon
Kikubaaqudgha
Ru
Xom
Yredelemnul

Annotations:
D:3 Grinder
D:4 eragonby's ghost, amateur MiFi


Innate Abilities, Weirdness & Mutations

You cannot wear most types of armour.
You are amphibious.
You can wear up to eight rings at the same time.
You can use your tentacles to constrict eight enemies at once.
Your skin changes colour to match your surroundings (Stealth).
Your rubbery body absorbs attacks (AC +1).


Message History

You suddenly lose the ability to move!
Grinder hits you!
You writhe in agony.
* * * LOW HITPOINT WARNING * * *
Grinder blinks!
Grinder says, "FISH!"
Grinder hits you.
* * * LOW HITPOINT WARNING * * *
You writhe in agony. x2
Grinder barely misses you.
You can move again.
Unknown command.
Unknown command.
Drink which item? (? for menu, Esc to quit)
It was a potion of cure mutation.
It has a very clean taste.
Grinder gestures at you. Pain shoots through your body!
* * * LOW HITPOINT WARNING * * *
Drink which item? (? for menu, Esc to quit)
It was a potion of magic.
Magic courses through your body. Grinder hits you!
You die...

#...._........
##._..._...#
#..........#
#....⌠.....#
##........5##
#..._..._.##
#.#..._...#
#.#.......####
#@#...>.......
#5####.#######
#.####.#
#......#
########


You could see Grinder.

Vanquished Creatures
  Jessica (D:2)
  2 oozes (D:1)
  A giant cockroach (D:1)
  3 goblins
  A hobgoblin (D:2)
  2 jackals (D:4)
  5 bats
  2 giant newts (D:1)
  A kobold (D:1)
  9 rats
27 creatures vanquished.

Notes
Turn   | Place    | Note
--------------------------------------------------------------
     0 | D:1      | M4edhros the Octopode Necromancer began the quest for the Orb.
     0 | D:1      | Reached XP level 1. HP: 11/11 MP: 3/3
    80 | D:1      | Reached skill level 1 in Unarmed Combat
   126 | D:1      | Reached XP level 2. HP: 11/17 MP: 5/5
   379 | D:1      | Reached XP level 3. HP: 9/21 MP: 4/6
   384 | D:1      | Learned a level 3 spell: Regeneration
   473 | D:2      | Noticed Jessica
   485 | D:2      | Killed Jessica
   516 | D:3      | Found a shimmering altar of Xom.
   519 | D:3      | Found a basalt altar of Yredelemnul.
   519 | D:3      | Found a shattered altar of Ashenzari.
   520 | D:3      | Found a sacrificial altar of Ru.
   520 | D:3      | Found a white marble altar of Elyvilon.
   520 | D:3      | Found an ancient bone altar of Kikubaaqudgha.
   528 | D:3      | Noticed Grinder
   552 | D:4      | Reached XP level 4. HP: 21/27 MP: 3/7
   566 | D:4      | Learned a level 1 spell: Animate Skeleton
   568 | D:4      | Noticed eragonby's ghost (amateur MiFi)
   587 | D:5      | Entered Level 5 of the Dungeon
   654 | D:3      | Paralysed by Grinder for 7 turns
   662 | D:3      | Mangled by Grinder

Vault maps used:
D:1:      ncdulo_smallfort
D:2:      lemuel_doored_altar, zin_scriptorium, minmay_tree_intersection,
          uniq_robin, uniq_jessica
D:3:      grunt_temple_overflow_open, first_bread, uniq_grinder, uniq_iyjb
D:4:      uniq_eustachio, uniq_menkaure, uniq_crazy_yiuf_cottage, uniq_pikel,
          uniq_purgy
D:5:      serial_shops, shop, uniq_blork_the_orc

Skill      XL: |  1  2  3 |
---------------+----------+-----
Unarmed Combat | 1 2 3 |  3.4
Dodging        | |  2.0
Stealth        | |  2.6
Spellcasting   | |  2.0
Necromancy     | |  4.0

Action                   |  1- 3 |  4- 6 || total
-------------------------+-------+-------++-------
Melee: Unarmed           |    38 |    11 ||    49
       Constrict         |     6 |       ||     6
       Tentacles         |     4 |       ||     4
 Cast: Pain              |    28 |       ||    28
       Regeneration      |     3 |     1 ||     4
       Animate Skeleton  |       |     2 ||     2
  Use: Potion            |     1 |     3 ||     4
 Stab: Sleeping          |     7 |       ||     7
Armor: Skin              |     4 |     5 ||     9
Dodge: Dodged            |    18 |     2 ||    20
